AoeStats
← neb

Black Forest

508401230Analyzed
2v2 RM · 11d ago on Sep 22, 2026· 54m 22s· 4 players
Game mode
Random Map
Map size
Medium (4 player)
Population
200
Speed
Normal
Resources
Standard
Victory
Conquest
Starting age
Dark Age
Ending age
Imperial Age
RankedLock teamsTeams togetherTeam positionsShared explorationLock speedFull tech treeHidden civsTurbo modeCheats
Victory
Defeat
🇭🇺 Persians · Hungary
667
+18
🇷🇴 Bohemians · Romania
549
+22
🇦🇺 Khmer · Australia
784
-23
🇦🇺 Huns · Australia
627
-17
TOLOgood
13:12 Loom
15:39 Feudal Age
16:59 Wheelbarrow
16:07 Horse Collar
16:16 Double-Bit Axe
21:04 Town Watch
24:00 Castle Age
24:19 Crossbowman
26:18 Bow Saw
26:11 Heavy Plow
27:23 Squires
27:08 Arson
26:44 Pikeman
26:44 Man-at-Arms
31:29 Chemistry
31:40 Hand Cart
31:12 Long Swordsman
32:19 Town Patrol
34:27 Padded Archer Armor
34:17 Fletching
35:36 Forging
35:26 Scale Mail Armor
35:45 Wagenburg Tactics
39:31 Leather Archer Armor
39:53 Iron Casting
39:13 Bodkin Arrow
39:35 Chain Mail Armor
43:50 Imperial Age
47:03 Bracer
47:33 Ring Archer Armor
48:04 Blast Furnace
47:34 Plate Mail Armor
46:29 Elite Hussite Wagon
47:51 Halberdier
55:08 Conscription
Scrap
0:27 Loom
22:02 Feudal Age
23:59 Wheelbarrow
23:45 Horse Collar
23:58 Stone Mining
24:01 Gold Mining
24:00 Double-Bit Axe
26:19 Castle Age
25:25 Forging
25:06 Fletching
25:16 Padded Archer Armor
25:17 Scale Mail Armor
25:22 Scale Barding Armor
28:27 Bow Saw
28:59 Caravan
29:30 Coinage
30:48 Hand Cart
30:22 Town Watch
31:37 Iron Casting
31:18 Leather Archer Armor
31:19 Chain Mail Armor
31:25 Chain Barding Armor
36:17 Imperial Age
34:33 Stone Shaft Mining
34:33 Gold Shaft Mining
34:50 Gold Shaft Mining
34:54 Town Patrol
35:22 Ballistics
35:13 Masonry
34:59 Murder Holes
35:20 Heavy Plow
37:31 Banking
37:11 Guilds
38:13 Two-Man Saw
37:50 Crop Rotation
37:43 Citadels
38:46 Kamandaran
39:08 Conscription
40:09 Chemistry
39:40 Architecture
39:16 Heavy Scorpion
41:57 Ring Archer Armor
42:28 Blast Furnace
42:15 Elite War Elephant
neb
1:12 Loom
10:38 Feudal Age
12:21 Double-Bit Axe
14:35 Horse Collar
18:42 Castle Age
20:19 Heavy Plow
20:38 Bow Saw
21:41 Stone Mining
24:21 Gold Mining
31:36 Imperial Age
30:11 Wheelbarrow
30:21 Gold Shaft Mining
31:01 Stone Shaft Mining
31:24 Scale Barding Armor
31:29 Forging
31:39 Caravan
31:56 Elite Ballista Elephant
34:09 Crop Rotation
34:10 Hand Cart
34:59 Chemistry
34:44 Double Crossbow
35:11 Ballistics
35:05 Fortified Wall
36:05 Chain Barding Armor
36:20 Iron Casting
36:09 Ballistics
35:45 Murder Holes
37:23 Plate Barding Armor
36:56 Siege Engineers
37:19 Town Watch
38:04 Conscription
38:20 Town Patrol
38:50 Husbandry
39:01 Bloodlines
44:45 Onager
grilly69
17:52 Loom
19:58 Feudal Age
20:29 Double-Bit Axe
20:45 Gold Mining
20:45 Horse Collar
26:48 Stone Mining
35:36 Castle Age
36:36 Wheelbarrow
37:09 Gold Shaft Mining
36:48 Bow Saw
37:31 Heavy Plow
41:32 Caravan
44:38 Husbandry
44:51 Bloodlines
47:52 Imperial Age
47:49 Scale Barding Armor
47:56 Forging
49:15 Cavalier
52:51 Chain Barding Armor
53:06 Iron Casting
Connection lost

Rejoining the realm…

Still unreachable

The connection could not be restored.

Session expired

The server has moved on; the page needs a fresh start.